 Dungeon Crawl Stone Soup version 0.31.0-11-ge490571c62 (webtiles) character file.

Game seed: 12404622671255151235

16120 ces the Marksspriggan (level 12, -3/58 HPs)
             Began as a Spriggan Hunter on Jan 30, 2024.
             Was an Initiate of Gozag.
             Killed from afar by a rime drake (30 damage)
             ... with an icy flash freeze
             ... on level 2 of the Lair of Beasts.
             The game lasted 00:23:16 (13368 turns).

ces the Marksspriggan (Spriggan Hunter)            Turns: 13368, Time: 00:23:17

Health: -3/58      AC:  5    Str:  7    XL:     12   Next: 7%
Magic:  13/13      EV: 27    Int: 11    God:    Gozag
Gold:   1970       SH:  0    Dex: 23    Spells: 11/11 levels left

rFire   . . .        a - +0 orcbow
rCold   . . .        (shield currently unavailable)
rNeg    . . .        c - +1 robe
rPois   .            (helmet restricted)
rElec   .            (no cloak)
rCorr   .            (gloves unavailable)
SInv    +            (boots unavailable)
Will    ++...        (no amulet)
Stlth   ++++         (no ring)
HPRegen 0.29/turn    (no ring)
MPRegen 0.13/turn

%: clarity
@: very quick
A: very small, no large weapons, unfitting armour, see invisible, speed 3,
iridescent scales 1, clarity, passive freeze, inability to read after injury 1
a: Renounce Religion, Potion Petition, Call Merchant, Bribe Branch


You were on level 2 of the Lair of Beasts.
You worshipped Gozag.
Gozag was most pleased with you.
You visited 3 branches of the dungeon, and saw 13 of its levels.
You also visited: Sewer.

You collected 2026 gold pieces.
You paid 56 gold pieces to Gozag.

Inventory:

Hand Weapons
 a - a +0 orcbow (weapon)
Missiles
 C - a throwing net
Armour
 c - a +1 robe (worn)
Jewellery
 k - a ring of resist corrosion
 n - an amulet of magic regeneration
 w - a +6 ring of dexterity
Wands
 i - a wand of digging (10)
 x - a wand of flame (32)
 y - a wand of paralysis (28)
 B - a wand of light (3)
 F - a wand of mindburst (12)
Scrolls
 j - a scroll of vulnerability {unknown}
 m - a scroll of acquirement {unknown}
 o - a scroll of revelation
 r - 3 scrolls of immolation
 t - a scroll of poison {unknown}
 A - a scroll of fog {unknown}
 D - 3 scrolls of enchant weapon {unknown}
 E - a scroll of torment {unknown}
 G - a scroll of silence {unknown}
Potions
 b - 3 potions of brilliance
 d - a potion of attraction
 e - a potion of cancellation
 f - 2 potions of berserk rage
 g - 2 potions of magic
 l - a potion of might
 p - 2 potions of enlightenment
 q - a potion of mutation
 s - 4 potions of lignification
 u - 2 potions of curing
 v - a potion of ambrosia
 z - a potion of degeneration


   Skills:
 + Level 4.5 Fighting
 * Level 17.0 Ranged Weapons
 * Level 10.2 Dodging
 + Level 8.1 Stealth


You had 11 spell levels left.
You didn't know any spells.
Your spell library contained the following spells:

 Spells                   Type           Power      Damage    Failure   Level
 Freeze                   Ice            0%         1d3       34%         1
 Cigotuvi's Dreadful Rot  Necr/Alch/Air  0%         N/A       47%         2
 Ensorcelled Hibernation  Hex/Ice        0%         N/A       47%         2
 Scorch                   Fire           0%         2d5       47%         2
 Frozen Ramparts          Ice            0%         1d1       71%         3
 Fugue of the Fallen      Necr           0%         N/A       71%         3
 Hailstorm                Conj/Ice       0%         3d5       71%         3
 Anguish                  Hex/Necr       0%         N/A       98%         4
 Flame Wave               Conj/Fire      0%         2d4       98%         4
 Ignite Poison            Fire/Alch      0%         N/A       98%         4
 Freezing Cloud           Conj/Ice/Air   0%         6-21      100%        5
 Summon Cactus Giant      Summ           0%         N/A       100%        6


Dungeon Overview and Level Annotations

Branches:
Dungeon (10/15)            Temple (1/1) D:4            Lair (2/5) D:8
  Sewer (visited)
  Swamp: Lair:2-3    Shoals: Lair:2-3     Snake: Lair:2-3    Spider: Lair:2-3
    Orc: D:9-12

Altars:
Ashenzari
Cheibriados
Dithmenos
Elyvilon
Fedhas
Gozag
Hepliaklqana
Kikubaaqudgha
Makhleb
Nemelex Xobeh
Okawaru
Qazlal
Ru
Sif Muna
Trog
Uskayaw
Vehumet
Wu Jian
Xom
Yredelemnul
Zin
The Shining One

Shops:
D:7 (   D:8 (   D:9 [*

Annotations:
D:4 1 runed translucent door, Crazy Yiuf
D:7 Joseph
D:8 3 runed translucent doors, puppykicker's ghost, novice DEGl
Lair:1 3 runed translucent doors, uncleiroh's ghost, journeyman DsBe


Innate Abilities, Weirdness & Mutations

You are very small and have problems with some larger weapons.
You are too small for most types of armour.
You have supernaturally acute eyesight. (SInv)
You cover ground extremely quickly. (Speed+++)
You are partially covered in iridescent scales. (AC +2)
You possess an exceptional clarity of mind.
A frigid envelope surrounds you and freezes all who hurt you.
You occasionally lose the ability to read scrolls when taking damage.


Message History

The elephant is no longer distracted by gold.
The elephant is severely wounded.
An elephant comes into view.
You shoot an arrow. The elephant trumpets!
The arrow hits the elephant!
The elephant is almost dead.
You hear a trumpeting!
You shoot an arrow. The arrow hits the elephant.
The elephant is almost dead.
An elephant comes into view.
You shoot an arrow. The arrow hits the elephant.
The elephant is almost dead.
The elephant tramples you.
You stumble backwards!
You shoot an arrow. The arrow hits the elephant.
The elephant is lightly wounded.
The elephant tramples you!
You hold your ground!
The elephant is very cold.
The elephant is lightly wounded.
The elephant completely misses you. The elephant attacks as it pursues you!
The elephant completely misses you. The elephant barely misses you.
The rime drake hisses angrily.
A cane toad comes into view.
The cane toad moves out of view.
The cane toad stings something!!
The rime drake breathes ice at you. The icy flash freeze misses you.
The cane toad stings something.
Okay, then.
Okay, then.
Okay, then.
Okay, then.
Okay, then.
The rime drake breathes ice at you. The icy flash freeze hits you!
You are encased in ice.
The ice encasing you melts away. The rime drake breathes ice at you.
The icy flash freeze hits you!!
Ouch! That really hurt!
You die...
Your body crumbles into a pile of gold.

.....~~~~.......... .#.8.#......
.....................######...k..
....#....#.............# ##......
.........#...........#.# #.......
....Y................#.###.......
....###...k.............###......
..#.# ###Y.......................
.#### ##.......................
...# #......@....#...#.......
...# #######P##P.#.####......
...# ### ##.#.##...... ...#
#.k.###...... ...# #..####....k.
...# ##..#........ ...##
#...###...#P# ....# ##.## #...###
...## ##.#####..#.P


You could see an elephant and a rime drake (catching breath).

Vanquished Creatures
  A two-headed ogre (D:9)
  8 elephants
  Maurice (D:7)
  2 black mambas (Lair:1)
  A cane toad (Lair:1)
  6 komodo dragons
  A hornet (D:8)
  A troll (D:9)
  2 wyverns
  2 vampire mosquitoes (D:9)
  27 yaks
  Eustachio (D:5)
  3 steam dragons
  Edmund (D:5)
  10 water moccasins
  Menkaure (D:5)
  2 orc warriors
  Pargi (Sewer)
  4 black bears
  2 ogres
  2 centaurs (D:8)
  A phantom (D:7)
  A wolf (D:8)
  8 bullfrogs
  2 scorpions
  5 wights (D:9)
  5 killer bees
  2 bombardier beetles
  6 howler monkeys
  3 hounds (D:5)
  7 orc priests
  A sleepcap (D:7)
  Natasha (thrice) (D:3)
  2 iguanas
  7 orc wizards
  7 adders
  7 gnolls
  4 white imps
  4 ufetubi
  3 dart slugs
  2 ribbon worms
  32 orcs
  4 ball pythons
  7 bats
  5 endoplasms
  3 giant cockroaches
  3 goblins
  4 hobgoblins
  9 jackals
  4 quokkas
  4 frilled lizards
  9 kobolds
  2 rats
245 creatures vanquished.

Notes
Turn   | Place    | Note
-------+----------+-------------------------------------------
     0 | D:1      | ces the Spriggan Hunter began the quest for the Orb.
     0 | D:1      | Reached XP level 1. HP: 10/10 MP: 2/2
   260 | D:1      | Reached XP level 2. HP: 14/14 MP: 3/3
  1201 | D:2      | Reached skill level 5 in Ranged Weapons
  1206 | D:2      | Reached XP level 3. HP: 18/18 MP: 4/4
  1716 | D:3      | Reached XP level 4. HP: 16/22 MP: 5/5
  1716 | D:3      | Found a glowing drain.
  1725 | D:3      | Gained mutation: You are partially covered in iridescent
                  | scales. (AC +2) [potion of mutation]
  1725 | D:3      | Gained mutation: You occasionally lose the ability to read
                  | scrolls when taking damage. [potion of mutation]
  1725 | D:3      | Gained mutation: You possess an exceptional clarity of
                  | mind. [potion of mutation]
  1725 | D:3      | Gained mutation: A frigid envelope surrounds you and
                  | freezes all who hurt you. [potion of mutation]
  1770 | Sewer    | Entered a sewer
  1827 | Sewer    | Noticed Pargi
  1933 | Sewer    | Killed Pargi
  1934 | Sewer    | Reached skill level 6 in Ranged Weapons
  1934 | Sewer    | Reached XP level 5. HP: 18/25 MP: 6/6
  2081 | D:3      | Noticed Natasha
  2085 | D:3      | Killed Natasha
  2121 | D:3      | Noticed Natasha
  2129 | D:3      | Killed Natasha
  2130 | D:3      | Reached skill level 7 in Ranged Weapons
  2199 | D:3      | Noticed Natasha
  2223 | D:3      | Killed Natasha
  2224 | D:3      | Reached XP level 6. HP: 17/30 MP: 7/7
  2869 | D:4      | Found a runed translucent door.
  2870 | D:4      | Noticed Crazy Yiuf
  2921 | D:4      | Found a staircase to the Ecumenical Temple.
  3409 | Temple   | Entered the Ecumenical Temple
  3422 | Temple   | Became a worshipper of Gozag Ym Sagoz the Greedy
  3473 | D:5      | Entered Level 5 of the Dungeon
  3473 | D:5      | Noticed Menkaure
  3602 | D:5      | Reached skill level 8 in Ranged Weapons
  3660 | D:5      | Reached XP level 7. HP: 33/33 MP: 8/8
  3788 | D:5      | Reached skill level 9 in Ranged Weapons
  3804 | D:5      | Found a hazy altar of Hepliaklqana.
  3925 | D:5      | Noticed Edmund
  4123 | D:5      | Noticed Eustachio
  4199 | D:5      | Killed Eustachio
  4200 | D:5      | Reached skill level 10 in Ranged Weapons
  4329 | D:5      | Identified the +0 leather armour of the Hall of Blades
                  | {Str+3 Int-5}
  4365 | D:5      | Reached XP level 8. HP: 37/37 MP: 9/9
  4923 | D:5      | Reached skill level 11 in Ranged Weapons
  5324 | D:5      | Killed Menkaure
  5555 | D:5      | Killed Edmund
  5845 | D:6      | Reached skill level 12 in Ranged Weapons
  6227 | D:7      | Found a flagged portal.
  6265 | D:7      | Reached XP level 9. HP: 41/41 MP: 10/10
  7119 | D:7      | Noticed Joseph
  7580 | D:7      | Reached skill level 13 in Ranged Weapons
  7885 | D:7      | Noticed Maurice
  7908 | D:7      | Found Peweziludi's Weapon Emporium.
  8141 | D:7      | Killed Maurice
  8158 | D:7      | Reached skill level 14 in Ranged Weapons
  8487 | D:8      | Reached XP level 10. HP: 46/46 MP: 11/11
  8590 | D:8      | Found a staircase to the Lair.
  8607 | D:8      | Reached skill level 15 in Ranged Weapons
  9103 | D:8      | Noticed puppykicker's ghost (novice DEGl)
  9108 | D:8      | Found a runed translucent gate.
  9108 | D:8      | Found a runed translucent gate.
  9108 | D:8      | Found a runed translucent gate.
  9108 | D:8      | Noticed a two-headed ogre
  9109 | D:8      | Noticed an ogre mage
  9261 | D:8      | Found Modinkugg's Weapon Boutique.
  9606 | D:9      | Found Xuafaqug's Armour Boutique.
  9650 | D:9      | Found Kotul Deosm's CLEARANCE SALE!.
 10014 | D:9      | Noticed a two-headed ogre
 10038 | D:9      | Killed a two-headed ogre
 10039 | D:9      | Reached skill level 5 in Dodging
 10128 | D:10     | Entered Level 10 of the Dungeon
 10215 | Lair:1   | Entered Level 1 of the Lair of Beasts
 10241 | Lair:1   | You fall into a shaft and drop 1 floor!
 10404 | Lair:2   | Noticed a cane toad
 10407 | Lair:2   | Noticed a skyshark
 10659 | Lair:2   | Reached skill level 16 in Ranged Weapons
 10668 | Lair:1   | Noticed an elephant
 10677 | Lair:1   | Noticed an elephant
 10766 | Lair:1   | Killed an elephant
 10767 | Lair:1   | Reached XP level 11. HP: 51/51 MP: 12/12
 10838 | Lair:1   | Reached skill level 5 in Stealth
 12196 | Lair:1   | Found a runed translucent gate.
 12346 | Lair:1   | Found a runed translucent gate.
 12346 | Lair:1   | Found a runed translucent gate.
 12347 | Lair:1   | Noticed uncleiroh's ghost (journeyman DsBe)
 13230 | Lair:2   | Reached XP level 12. HP: 54/58 MP: 13/13
 13240 | Lair:2   | Reached skill level 17 in Ranged Weapons
 13240 | Lair:2   | Reached skill level 10 in Dodging
 13368 | Lair:2   | Killed from afar by a rime drake

Illustrated notes

Levels and vault maps discovered:
D:1:      co_arrival_two_rings, layout_basic
D:2:      layout_rooms, serial_bayou, serial_bayou_lake_a, serial_bayou_shore_a,
          serial_bayou_pond_d, serial_bayou_lagoon_a,
          chequers_serial_rivers_micro_c, minivault_19
D:3:      layout_rooms, portal_sewer_entry_d, minmay_misc_feat_secret_circle,
          minmay_misc_feat_tower, uniq_natasha
D:4:      layout_gridville, minmay_temple_entry_tees, uniq_crazy_yiuf_cottage
D:5:      layout_loops_ring, nicolae_hepliaklqana_hazy_memory, uniq_eustachio,
          uniq_menkaure, uniq_edmund
D:6:      layout_rooms, chequers_serial_rivers_micro_a
D:7:      layout_rooms, enter_bailey_1, serial_shops, shop, uniq_maurice,
          uniq_joseph
D:8:      minmay_angry_zag, layout_loops_ring, erik_lair_orcish_takeover,
          gammafunk_ghost_split, serial_shops, shop, st_stairs_14
D:9:      layout_rooms, serial_shops, nicolae_shop_scrapyard,
          nicolae_shop_clearance
D:10:     layout_gridville, water_maze_lemuel, uniq_erica
Temple:   nicolae_temple_bog_church
Lair:1:   layout_layer_cave, gammafunk_ghost_necromancy, enter_volcano_4
Lair:2:   layout_gridlike, grunt_megastairs_3

Skill      XL: |  1  2  3  4  5  6  7  8  9 10 11 12 |
---------------+-------------------------------------+-----
Ranged Weapons | 5 6 7 8 10 12 14 16 17 | 17.0
Dodging        | 6 9 10 | 10.2
Stealth        | 4 7 8 |  8.1
Fighting       | 2 4 |  4.5

Action                     |  1- 3 |  4- 6 |  7- 9 | 10-12 || total
---------------------------+-------+-------+-------+-------++-------
   Fire: Shortbow          |    98 |   114 |       |       ||   212
         Orcbow            |       |     3 |   371 |   598 ||   972
  Evoke: Wand              |       |       |     2 |    12 ||    14
    Use: Scroll            |     3 |     2 |     6 |     5 ||    16
         Potion            |     1 |     6 |       |     2 ||     9
 Armour: Robe              |     8 |    20 |    51 |    46 ||   125
         Skin              |       |     2 |       |       ||     2
  Dodge: Dodged            |    32 |    50 |    85 |   102 ||   269
